Map: Ice and Chrome LE

Players

goblin - Winner!

  • Race: Protoss Protoss
  • League: Grandmaster
  • Spawn Location: 1:00

Lambo

  • Race: Zerg Zerg
  • League: Grandmaster
  • Spawn Location: 7:00

VOD

Have the link to the VOD?

Description

Time

  • Played on: Sept. 30, 2020, 12:54 p.m.
  • Length: 45:22
Show
View Real Time Build Order
Export as new Build Order

goblin Protoss - Winner!

Build Orders: 1 Gate Expand, Carriers 

Get SALT Encoding   

  12  0:00  Probe  
  13  0:12  Probe  
  14  0:20  Pylon  
  14  0:24  Probe  
  15  0:38  Probe (Chrono Boost)  
  15  0:40  Gateway  
  16  0:47  Assimilator, Probe (Chrono Boost)  
  17  0:52  Probe (Chrono Boost)  
  18  1:04  Probe  
  19  1:17  Probe  
  20  1:24  Nexus  
  20  1:34  Cybernetics Core  
  20  1:38  Probe  
  21  1:44  Assimilator  
  21  1:50  Probe  
  21  1:52  Pylon  
  22  2:02  Probe (Chrono Boost)  
  23  2:09  Stalker (Chrono Boost)  
  23  2:13  Probe (Chrono Boost)  
  26  2:18  Probe (Chrono Boost)  
  27  2:23  Stargate  
  28  2:30  Probe (Chrono Boost)  
  28  2:32  Adept  
  28  2:36  Probe (Chrono Boost)  
  31  2:39  Warp Gate  
  32  2:45  Probe x2 (Chrono Boost)  
  32  2:50  Probe (Chrono Boost)  
  33  2:52  Probe  
  35  3:02  Probe (Chrono Boost)  
  35  3:04  Void Ray  
  37  3:06  Probe (Chrono Boost)  
  37  3:08  Gateway  
  41  3:14  Probe (Chrono Boost)  
  41  3:16  Pylon  
  43  3:20  Assimilator  
  43  3:22  Probe (Chrono Boost)  
  43  3:23  Probe (Chrono Boost)  
  43  3:25  Assimilator  
  44  3:29  Probe x2 (Chrono Boost)  
  46  3:41  Void Ray, Probe (Chrono Boost)  
  48  3:45  Pylon  
  48  3:47  Probe (Chrono Boost)  
  52  3:49  Probe (Chrono Boost)  
  52  3:53  Probe (Chrono Boost)  
  52  3:54  Pylon  
  54  3:58  Stargate  
  54  4:03  Probe  
  54  4:05  Probe  
  56  4:16  Probe  
  57  4:17  Probe  
  57  4:23  Void Ray (Chrono Boost)  
  62  4:31  Pylon  
  62  4:33  Nexus  
  62  4:34  Protoss Air Weapons Level 1  
  62  4:38  Void Ray (Chrono Boost)  
  62  4:45  Probe x2  
  68  4:49  Pylon  
  68  4:50  Shield Battery  
  68  4:56  Void Ray (Chrono Boost)  
  68  4:57  Probe x2  
  74  5:06  Void Ray (Chrono Boost)  
  74  5:09  Probe  
  74  5:13  Probe  
  74  5:14  Twilight Council  
  80  5:16  Adept  
  82  5:21  Probe  
  82  5:23  Pylon  
  82  5:26  Adept  
  82  5:28  Probe  
  86  5:30  Pylon  
  86  5:35  Void Ray  
  86  5:42  Probe x2 (Chrono Boost)  
  92  5:46  Pylon, Probe (Chrono Boost)  
  93  5:50  Resonating Glaives (Chrono Boost)  
  93  5:53  Probe x2 (Chrono Boost)  
  93  5:56  Probe (Chrono Boost)  
  96  5:58  Gateway x2  
  96  5:59  Probe x2 (Chrono Boost)  
  96  6:03  Assimilator  
  98  6:05  Assimilator  
  98  6:06  Probe  
  98  6:09  Probe  
  98  6:10  Void Ray  
  100  6:12  Adept x2  
  108  6:21  Pylon  
  108  6:27  Fleet Beacon, Probe  
  108  6:28  Probe  
  110  6:35  Adept x2  
  110  6:38  Probe  
  116  6:40  Probe  
  116  6:44  Pylon, Stargate  
  116  6:45  Forge  
  116  6:54  Zealot x2  
  120  7:04  Adept x2  
  124  7:09  Cybernetics Core  
  124  7:12  Unknown  
  124  7:13  Nexus  
  124  7:14  Pylon  
  124  7:27  Carrier (Chrono Boost)  
  124  7:28  Protoss Air Weapons Level 2 (Chrono Boost)  
  124  7:33  Carrier (Chrono Boost)  
  124  7:36  Carrier (Chrono Boost)  
  130  7:57  Pylon  
  130  7:58  Photon Cannon, Probe x2  
  130  8:00  Photon Cannon, Probe  
  130  8:01  Photon Cannon  
  130  8:02  Photon Cannon  
  131  8:10  Probe x2  
  131  8:11  Templar Archives  
  131  8:12  Protoss Air Armor Level 1 (Chrono Boost), Pylon  
  133  8:13  Charge  
  133  8:18  Gateway  
  133  8:20  Assimilator, Gateway  
  133  8:24  Assimilator  
  133  8:27  Carrier  
  139  8:39  Carrier  
  145  8:46  Photon Cannon  
  145  8:47  Shield Battery, Zealot  
  145  8:48  Pylon  
  147  8:50  Probe x2  
  147  8:51  Probe  
  150  8:57  Probe  
  150  9:01  Pylon  
  152  9:02  Probe  
  152  9:03  Probe  
  150  9:10  Probe x2  
  150  9:11  Psionic Storm  
  150  9:13  Protoss Shields Level 1 (Chrono Boost)  
  150  9:14  Robotics Facility  
  150  9:17  Zealot x3  
  156  9:29  High Templar x3  
  162  9:33  Shield Battery  
  162  9:35  Pylon  
  162  9:46  Nexus  
  162  9:49  Pylon  
  162  9:51  Protoss Air Weapons Level 3 (Chrono Boost)  
  162  9:52  Assimilator  
  162  9:56  Assimilator, Carrier  
  168  10:01  Protoss Air Armor Level 2 (Chrono Boost)  
  168  10:02  Probe x2  
  168  10:03  Probe x2  
  172  10:09  Gateway x2  
  172  10:10  High Templar  
  174  10:15  Probe x2  
  174  10:19  Zealot x2  
  180  10:23  High Templar x2  
  184  10:31  Observer (Chrono Boost)  
  185  10:40  Photon Cannon x3  
  185  10:41  Pylon  
  185  10:42  Shield Battery  
  185  10:43  Photon Cannon  
  185  10:44  Observer (Chrono Boost), Mothership (Chrono Boost)  
  194  10:57  Gateway  
  194  10:58  Oracle, Gateway  
  194  11:00  Oracle, Pylon  
  200  11:13  Protoss Ground Weapons Level 1 (Chrono Boost)  
  200  11:30  Gateway  
  200  11:32  Gateway  
  200  11:36  Gateway  
  200  11:39  Gateway  
  200  11:46  Pylon  
  198  12:14  Robotics Facility  
  198  12:16  Protoss Air Armor Level 3 (Chrono Boost)  
  198  12:17  Robotics Facility  
  198  12:18  Robotics Bay  
  198  12:20  Stargate  
  198  12:21  Stargate  
  198  12:22  Pylon, Stargate  
  184  12:57  Dark Shrine  
  184  13:00  Protoss Shields Level 2 (Chrono Boost)  
  184  13:05  Gateway  
  184  13:08  Gateway, Disruptor x3 (Chrono Boost)  
  193  13:14  Pylon  
  193  13:16  Pylon  
  193  13:22  Zealot  
  191  13:36  Disruptor x2  
  191  13:37  Observer  
  198  13:44  High Templar  
  191  14:08  Shadow Stride (Chrono Boost)  
  191  14:15  Gateway  
  191  14:21  Pylon  
  191  14:25  Gateway  
  191  14:31  Pylon  
  191  14:32  Zealot  
  191  14:34  Pylon  
  191  14:49  Disruptor  
  191  14:54  Nexus  
  191  14:57  Protoss Ground Weapons Level 2 (Chrono Boost)  
  191  14:58  Assimilator  
  191  15:02  Assimilator  
  191  15:03  Photon Cannon  
  191  15:05  Photon Cannon  
  191  15:07  Photon Cannon  
  191  15:09  Photon Cannon  
  191  15:10  Photon Cannon  
  191  15:12  Shield Battery  
  191  15:30  Nexus  
  191  15:33  Pylon  
  187  15:53  Zealot x2  
  187  15:54  Zealot x4  
  199  16:01  Disruptor x2 (Chrono Boost)  
  176  16:04  Disruptor (Chrono Boost)  
  183  16:16  Dark Templar  
  183  16:17  Dark Templar x5, Blink (Chrono Boost)  
  183  16:18  Dark Templar x2  
  199  16:26  Assimilator  
  199  16:28  Assimilator, Pylon  
  199  16:31  Photon Cannon x2  
  199  16:32  Photon Cannon, Shield Battery  
  199  16:37  Disruptor x2  
  188  16:54  High Templar x4  
  191  17:05  Observer  
  191  17:07  Protoss Shields Level 3 (Chrono Boost)  
  192  17:21  Assimilator  
  192  17:24  Shield Battery  
  192  17:25  Pylon  
  192  17:28  Photon Cannon  
  192  17:30  Shield Battery  
  192  17:31  Shield Battery  
  192  17:32  Photon Cannon  
  192  17:44  Mothership (Chrono Boost)  
  192  17:49  Colossus  
  195  17:52  Oracle  
  193  18:15  Stalker x2  
  193  18:16  Stalker x3  
  192  19:07  Oracle (Chrono Boost)  
  192  19:08  Dark Templar  
  194  19:17  Carrier (Chrono Boost)  
  194  19:21  Pylon x2  
  194  19:22  Pylon  
  194  19:23  Pylon  
  200  19:36  Nexus  
  200  19:39  Pylon  
  200  19:41  Pylon  
  200  19:42  Protoss Ground Weapons Level 3 (Chrono Boost)  
  200  19:43  Pylon  
  200  19:46  Assimilator  
  200  19:47  Assimilator  
  200  19:57  Stalker x3  
  200  19:58  Stalker x6  
  190  20:17  Stalker  
  190  20:18  Stalker x4  
  200  20:27  Carrier (Chrono Boost)  
  190  20:29  Carrier (Chrono Boost)  
  190  20:30  Carrier (Chrono Boost)  
  190  20:43  Zealot x2  
  190  20:44  Zealot x3  
  200  21:01  Observer  
  198  21:07  Photon Cannon  
  198  21:09  Photon Cannon  
  196  21:11  Photon Cannon  
  196  21:14  Photon Cannon, Observer  
  196  21:15  Photon Cannon  
  196  21:17  Photon Cannon  
  196  21:20  Photon Cannon, Observer  
  196  21:23  Shield Battery  
  196  21:24  Shield Battery  
  194  21:26  Carrier (Chrono Boost)  
  194  21:27  Shield Battery  
  194  21:28  Photon Cannon  
  194  21:29  Photon Cannon  
  194  21:31  Photon Cannon x2  
  192  21:33  Photon Cannon x2  
  192  21:34  Photon Cannon x2  
  192  21:35  Photon Cannon  
  192  21:36  Photon Cannon  
  192  21:37  Shield Battery x2  
  192  21:40  Shield Battery x3  
  192  21:42  Shield Battery x2  
  192  21:44  Shield Battery  
  192  21:46  Pylon  
  192  21:48  Disruptor x2  
  196  22:03  Oracle  
  193  22:10  Oracle  
  196  22:25  Photon Cannon  
  196  22:28  Photon Cannon  
  194  22:30  Photon Cannon  
  194  22:34  Protoss Ground Armor Level 1 (Chrono Boost)  
  193  22:43  Observer x3  
  178  23:01  Carrier x3  
  182  23:09  Zealot x6  
  182  23:10  Zealot x3  
  164  23:41  Stalker x3  
  164  23:42  Stalker x7  
  164  23:43  Stalker x4  
  164  23:44  Stalker x2  
  190  23:52  Carrier x2 (Chrono Boost)  
  193  24:03  Disruptor  
  193  24:04  Disruptor  
  189  24:33  Observer  
  189  24:34  Carrier x3 (Chrono Boost)  
  191  24:40  Observer  
  185  24:49  Carrier (Chrono Boost)  
  187  24:53  High Templar  
  187  24:54  High Templar x4  
  187  24:56  High Templar x2  
  199  25:08  Observer  
  199  25:14  Oracle x2  
  194  25:25  Void Ray  
  194  25:33  Protoss Ground Armor Level 2 (Chrono Boost)  
  198  25:45  Photon Cannon  
  198  25:46  Shield Battery  
  198  25:51  Shield Battery  
  198  25:53  Photon Cannon  
  198  25:54  Pylon  
  192  26:56  Zealot x4  
  190  27:30  Dark Templar  
  192  27:42  Carrier x3  
  181  27:46  Protoss Ground Armor Level 3 (Chrono Boost)  
  181  27:48  Pylon  
  196  27:56  Photon Cannon  
  196  27:57  Photon Cannon  
  194  28:24  Zealot  
  196  28:28  Observer x2  
  190  29:15  Mothership (Chrono Boost)  
  186  29:23  Observer (Chrono Boost)  
  172  29:35  Observer (Chrono Boost)  
  172  29:36  Carrier (Chrono Boost)  
  197  29:42  Carrier x2 (Chrono Boost)  
  197  29:43  Carrier (Chrono Boost)  
  187  30:10  Oracle (Chrono Boost)  
  186  30:14  Photon Cannon  
  186  30:15  Photon Cannon, Carrier (Chrono Boost)  
  186  30:17  Photon Cannon  
  186  30:20  Pylon, Shield Battery  
  167  30:52  Stalker x2  
  169  31:09  Void Ray (Chrono Boost)  
  164  31:11  Observer x2  
  164  31:12  Carrier x3 (Chrono Boost)  
  164  31:13  Carrier x2 (Chrono Boost)  
  196  31:46  Void Ray (Chrono Boost)  
  197  32:05  Void Ray (Chrono Boost)  
  185  33:14  Void Ray x3 (Chrono Boost)  
  185  33:15  Void Ray (Chrono Boost)  
  159  33:21  Carrier x2 (Chrono Boost)  
  163  33:30  Stalker x4  
  163  33:31  Stalker x7  
  163  33:47  Carrier (Chrono Boost)  
  163  33:48  Carrier (Chrono Boost)  
  163  33:54  Void Ray x2 (Chrono Boost)  
  175  34:07  High Templar x3  
  175  34:08  Void Ray (Chrono Boost)  
  185  34:11  Assimilator  
  195  34:39  Observer  
  195  34:43  Mothership (Chrono Boost)  
  197  35:12  High Templar  
  199  35:18  Nexus  
  199  35:41  Zealot  
  196  38:19  Robotics Bay  
  196  38:55  Observer  
  196  39:09  Disruptor (Chrono Boost)  
  196  39:12  Observer (Chrono Boost)  
  200  40:24  Observer  
  196  41:15  Observer  
  190  41:26  Observer  
  190  41:30  Zealot  
  190  41:31  Zealot x4  
  194  41:55  Observer  
  178  42:10  Nexus  
  178  42:11  Pylon  
  177  42:26  Zealot x6  
  177  42:27  Zealot x5  
  199  43:13  Nexus  
  199  43:15  Photon Cannon  
  123  44:38  Nexus, Pylon  
  123  44:45  Nexus  
  123  44:51  Assimilator  
  123  44:53  Assimilator  
  123  44:55  Pylon  
Show
View Real Time Build Order
Export as new Build Order

Lambo Zerg 

Build Orders: Hatch First, Lurkers 

Get SALT Encoding   

  12  0:00  Drone  
  13  0:12  Overlord  
  13  0:16  Drone  
  14  0:31  Drone x2  
  16  0:47  Hatchery  
  15  0:51  Drone  
  15  0:54  Drone  
  17  0:58  Drone  
  18  1:08  Extractor  
  17  1:12  Spawning Pool  
  17  1:15  Drone  
  17  1:19  Drone  
  18  1:28  Drone  
  19  1:40  Drone  
  20  1:51  Overlord  
  20  2:00  Queen x2  
  20  2:01  Zergling x4  
  26  2:10  Drone  
  26  2:12  Drone  
  26  2:13  Metabolic Boost  
  28  2:21  Drone  
  28  2:22  Drone  
  30  2:34  Hatchery  
  30  2:35  Drone  
  30  2:39  Drone  
  30  2:42  Drone  
  32  2:47  Queen  
  34  2:56  Overlord  
  34  2:57  Drone x2  
  36  3:08  Overlord  
  36  3:14  Drone x5  
  36  3:17  Queen  
  43  3:24  Drone  
  44  3:27  Queen  
  44  3:29  Drone  
  47  3:35  Drone  
  48  3:42  Zergling x4  
  48  3:44  Drone x2  
  48  3:45  Queen  
  48  3:46  Overlord  
  48  3:47  Drone  
  55  3:51  Spore Crawler  
  55  3:52  Drone  
  55  3:57  Drone x2  
  55  3:59  Drone  
  58  4:03  Overlord  
  58  4:10  Overlord  
  58  4:14  Overlord  
  58  4:20  Queen  
  58  4:21  Drone x6  
  66  4:26  Overlord  
  66  4:29  Drone x5  
  71  4:32  Drone, Spore Crawler  
  71  4:34  Drone  
  72  4:41  Drone x2  
  74  4:45  Lair  
  74  4:46  Evolution Chamber  
  74  4:47  Drone x3  
  75  4:54  Zergling x4  
  75  4:56  Extractor, Spore Crawler  
  75  4:57  Drone  
  75  4:58  Drone x2  
  75  4:59  Drone  
  79  5:02  Queen  
  79  5:04  Extractor  
  79  5:05  Extractor  
  79  5:08  Zergling x6, Queen  
  79  5:09  Drone  
  79  5:10  Drone  
  79  5:11  Drone  
  86  5:14  Drone x2  
  86  5:19  Zerg Missile Weapons Level 1  
  86  5:20  Extractor  
  87  5:22  Drone x2  
  87  5:27  Spore Crawler  
  88  5:33  Drone  
  88  5:35  Spore Crawler  
  88  5:36  Extractor  
  88  5:38  Drone x2  
  88  5:39  Overlord  
  88  5:41  Overlord  
  88  5:42  Overlord  
  89  5:47  Overlord  
  89  5:49  Overlord  
  89  5:53  Hatchery  
  89  5:54  Drone  
  89  5:57  Queen  
  89  5:59  Pneumatized Carapace  
  89  6:00  Overseer  
  89  6:02  Drone x6  
  97  6:06  Drone x4  
  97  6:08  Zergling x8  
  105  6:16  Hydralisk Den, Queen  
  106  6:18  Drone x3  
  106  6:22  Drone  
  106  6:25  Drone x4  
  114  6:27  Drone  
  114  6:31  Drone x3, Spore Crawler  
  114  6:32  Queen  
  117  6:33  Drone x2  
  117  6:38  Drone x2, Spore Crawler  
  117  6:39  Extractor x2  
  120  6:41  Infestation Pit  
  120  6:42  Drone  
  120  6:43  Drone  
  120  6:45  Drone  
  122  6:50  Drone  
  122  6:51  Drone  
  124  6:54  Drone  
  124  6:59  Muscular Augments  
  125  7:01  Drone x2  
  125  7:03  Evolution Chamber  
  126  7:08  Drone x2  
  126  7:12  Spore Crawler  
  126  7:17  Hydralisk x4  
  126  7:20  Pathogen Glands  
  126  7:21  Overlord  
  126  7:22  Hydralisk  
  135  7:23  Overlord  
  133  7:30  Hydralisk  
  133  7:32  Overlord  
  133  7:34  Zergling x2  
  133  7:36  Overlord  
  135  7:43  Hydralisk x10  
  151  7:51  Drone x3  
  151  7:54  Zergling x10  
  151  7:58  Hive, Zerg Missile Weapons Level 2  
  153  8:06  Extractor  
  153  8:11  Hydralisk x3, Grooved Spines  
  157  8:15  Drone x3  
  160  8:20  Hydralisk x3  
  160  8:26  Zerg Ground Armor Level 1, Neural Parasite  
  166  8:30  Hatchery  
  166  8:33  Overlord  
  165  8:34  Overlord x2  
  165  8:36  Overlord  
  165  8:38  Overlord  
  165  8:41  Spire  
  165  8:47  Overlord  
  164  8:51  Overlord, Hydralisk x2  
  164  8:52  Hatchery  
  167  8:56  Drone x11  
  167  9:01  Drone  
  177  9:03  Drone x7  
  177  9:05  Drone  
  177  9:09  Drone x2  
  187  9:10  Drone  
  187  9:15  Lurker Den  
  187  9:16  Infestor x3, Burrow  
  191  9:21  Drone x5  
  196  9:29  Spore Crawler  
  196  9:30  Spore Crawler x2  
  193  9:33  Roach Warren  
  193  9:34  Hydralisk x4, Spore Crawler  
  193  9:36  Spore Crawler  
  199  9:40  Extractor, Hatchery  
  199  9:42  Extractor  
  196  9:47  Spore Crawler  
  196  9:48  Spore Crawler x2  
  196  9:50  Spore Crawler  
  196  9:52  Infestor x2  
  196  9:58  Drone x6  
  200  10:03  Spore Crawler  
  200  10:05  Drone  
  200  10:11  Spore Crawler  
  200  10:12  Spore Crawler  
  198  10:16  Zerg Flyer Weapons Level 1  
  198  10:17  Seismic Spines  
  198  10:20  Spire, Spore Crawler  
  198  10:21  Spore Crawler  
  192  10:22  Spine Crawler, Spore Crawler  
  192  10:23  Drone x9  
  192  10:25  Spine Crawler  
  195  10:36  Spore Crawler  
  195  10:37  Overlord, Spore Crawler  
  195  10:42  Zerg Missile Weapons Level 3, Spore Crawler  
  193  10:43  Zerg Ground Armor Level 2  
  193  10:48  Lurker x2  
  193  10:49  Lurker x3  
  197  10:54  Spine Crawler  
  196  10:58  Spore Crawler  
  196  11:00  Spore Crawler  
  196  11:02  Spore Crawler  
  196  11:03  Drone x7  
  200  11:06  Spine Crawler  
  200  11:08  Spine Crawler  
  200  11:09  Spine Crawler x2  
  196  11:12  Extractor x2  
  196  11:14  Overseer, Adaptive Talons  
  199  11:18  Drone x5  
  199  11:25  Drone  
  200  11:28  Spore Crawler x3  
  200  11:32  Spore Crawler x2  
  196  11:33  Spore Crawler x3  
  196  11:35  Spore Crawler  
  196  11:36  Spore Crawler x2  
  196  11:39  Spore Crawler  
  188  11:44  Drone x5  
  193  11:47  Spore Crawler  
  193  11:48  Spine Crawler, Spore Crawler  
  193  11:49  Spore Crawler  
  193  11:51  Viper  
  193  11:52  Viper  
  195  12:09  Corruptor x2  
  195  12:11  Zerg Flyer Weapons Level 2  
  195  12:13  Zerg Flyer Armor Level 1  
  199  12:16  Overlord  
  199  12:20  Overlord  
  195  12:46  Corruptor x4  
  200  13:10  Zerg Ground Armor Level 3  
  200  13:20  Spore Crawler  
  200  13:22  Spore Crawler x3  
  200  13:24  Spore Crawler  
  195  13:55  Zergling x2  
  196  14:02  Drone x4  
  200  14:15  Spore Crawler  
  200  14:16  Spore Crawler x2  
  197  14:17  Spore Crawler  
  197  14:18  Spore Crawler x2  
  197  14:19  Spore Crawler x2  
  197  14:21  Spore Crawler  
  190  14:32  Lurker x4  
  190  14:34  Drone x6  
  186  14:54  Lurker x2  
  186  14:59  Lurker  
  187  15:00  Extractor, Hatchery  
  187  15:04  Lurker  
  187  15:05  Extractor, Overseer x2  
  187  15:06  Zerg Flyer Weapons Level 3  
  185  15:07  Zerg Flyer Armor Level 2  
  185  15:15  Zergling x2  
  185  15:17  Corruptor x7  
  200  15:32  Spore Crawler x2  
  200  15:34  Spore Crawler  
  197  15:36  Spore Crawler  
  193  15:53  Corruptor x9  
  193  15:55  Viper  
  199  16:02  Corruptor x2  
  200  16:08  Viper  
  200  16:21  Spore Crawler x2  
  200  16:23  Spore Crawler x4  
  194  16:35  Viper x2  
  182  16:47  Overseer  
  180  17:00  Viper x2  
  186  17:03  Drone x3  
  186  17:04  Drone x9  
  198  17:15  Corruptor  
  200  17:28  Overseer x2  
  200  17:40  Extractor  
  200  17:41  Hatchery  
  200  17:43  Spore Crawler x2  
  200  17:44  Extractor  
  193  17:56  Zerg Flyer Armor Level 3  
  181  18:15  Corruptor x12  
  197  18:23  Queen  
  193  19:03  Queen x2  
  193  19:08  Drone x3  
  200  19:14  Spore Crawler  
  200  19:16  Lurker  
  200  19:17  Spore Crawler  
  200  19:19  Spore Crawler x2  
  178  19:59  Hydralisk x8  
  176  20:34  Hatchery  
  175  20:36  Spore Crawler  
  175  20:38  Spore Crawler x2  
  175  20:39  Drone x18  
  190  20:43  Lurker x2  
  190  20:44  Lurker x2  
  190  20:45  Lurker x6  
  199  20:51  Lurker  
  199  20:54  Greater Spire  
  200  20:58  Overseer  
  200  21:06  Hydralisk  
  200  21:13  Hatchery  
  200  21:15  Queen x2  
  190  21:25  Spine Crawler  
  190  21:28  Spine Crawler  
  188  21:33  Spine Crawler, Hatchery  
  188  21:35  Spine Crawler  
  188  21:37  Spine Crawler  
  188  21:38  Spine Crawler x3  
  188  21:39  Spine Crawler x2  
  177  21:40  Spine Crawler  
  177  21:41  Spine Crawler  
  177  21:44  Hydralisk x3  
  177  21:45  Hydralisk x2, Lurker  
  177  21:46  Infestor x2  
  188  21:59  Drone x4  
  188  22:00  Spine Crawler, Drone x5  
  196  22:07  Spine Crawler  
  195  22:10  Spine Crawler  
  195  22:11  Spine Crawler  
  193  22:22  Overseer  
  185  22:30  Lurker x3  
  189  22:44  Lurker x2  
  183  23:04  Infestor x2  
  187  23:06  Corruptor x6  
  190  23:38  Hydralisk  
  190  23:39  Hydralisk x2  
  190  23:40  Overseer  
  199  23:44  Hydralisk  
  199  23:45  Hydralisk x5  
  197  23:52  Hydralisk x6  
  178  24:11  Hydralisk x13  
  178  24:17  Spine Crawler  
  196  24:18  Spine Crawler  
  196  24:20  Spine Crawler  
  196  24:23  Infestor x2  
  196  24:24  Viper x2  
  193  24:27  Drone x5  
  193  25:06  Viper x2  
  194  25:09  Drone x3  
  200  25:27  Hatchery  
  199  25:37  Lurker  
  199  25:39  Lurker  
  199  25:40  Lurker x4  
  195  25:43  Overseer  
  195  25:45  Drone x5  
  200  26:27  Overseer x2  
  195  27:15  Overseer  
  195  27:31  Overseer  
  195  27:50  Overlord x3  
  195  28:05  Hatchery  
  194  28:30  Overseer x4  
  194  28:49  Hatchery  
  178  29:17  Hatchery  
  178  29:22  Overseer  
  165  29:52  Corruptor x8  
  163  29:53  Hydralisk  
  163  29:54  Hydralisk x2  
  185  30:31  Overseer  
  181  30:52  Queen  
  181  30:53  Hatchery  
  181  30:55  Hatchery  
  181  30:56  Hatchery  
  180  30:57  Corruptor x10  
  180  31:04  Hydralisk x3  
  193  31:22  Infestor x2  
  193  31:23  Infestor  
  197  31:32  Overseer  
  197  32:02  Lurker  
  197  32:03  Lurker x2  
  197  32:07  Hatchery  
  196  32:14  Drone x9  
  199  32:21  Lurker  
  200  32:36  Overseer x6  
  200  32:52  Overseer x2  
  187  33:19  Corruptor x22  
  173  33:32  Corruptor x10  
  173  33:33  Queen x3  
  171  33:37  Queen x3  
  171  33:39  Viper  
  169  33:43  Corruptor x2  
  169  33:44  Overlord x2  
  169  33:45  Overlord  
  166  33:53  Overlord x3  
  166  33:54  Overlord  
  160  33:59  Overlord  
  160  34:05  Hydralisk x4  
  160  34:06  Hydralisk  
  160  34:09  Queen x2  
  174  34:13  Infestor x5  
  184  34:19  Hydralisk x3  
  190  34:29  Infestor x3  
  196  34:34  Extractor  
  195  34:49  Lurker x5  
  200  35:33  Hatchery  
  200  35:34  Extractor  
  200  35:35  Zergling x2  
  199  35:45  Drone  
  189  36:35  Brood Lord  
  189  36:36  Brood Lord x4  
  199  37:13  Overseer  
  199  37:21  Overseer  
  199  37:32  Overseer  
  199  37:40  Spore Crawler  
  199  37:42  Spore Crawler  
  199  37:43  Spore Crawler  
  199  37:44  Brood Lord  
  198  37:45  Brood Lord  
  198  38:11  Hatchery  
  197  38:26  Infestor  
  195  38:57  Infestor x8  
  195  39:43  Infestor x2  
  197  41:24  Overlord x2  
  186  42:08  Viper  
  186  42:09  Viper  
  186  42:11  Overseer  
  186  42:12  Overseer  
  186  42:15  Overseer  
  192  42:55  Infestor  
  189  43:08  Overlord x2  
  148  44:02  Corruptor x6  
  116  44:03  Zergling x14, Corruptor x14  
  116  44:08  Corruptor  
  116  44:09  Corruptor x2  
  147  44:16  Corruptor x4  
  143  44:17  Queen x3  
  157  44:27  Viper  
  142  44:49  Corruptor  
Tags
 
Add a new tag
Caveats
  • Supply blocks, unpowered buildings, or Contaminate may cause inaccurate times.
  • Supply counts are checked every 10 seconds.